Map: Nightscape LE

Players

Cloud

  • Race: Protoss Protoss
  • Spawn Location: 1:00

shotokan

  • Race: Terran Terran
  • League: Silver
  • Spawn Location: 1:00

Nyck - Winner!

  • Race: Terran Terran
  • Spawn Location: 7:00

Ekelpack - Winner!

  • Race: Zerg Zerg
  • Spawn Location: 7:00

VOD

Have the link to the VOD?

Description

Time

  • Played on: Sept. 27, 2020, 2:20 p.m.
  • Length: 16:02
Show
View Real Time Build Order
Export as new Build Order

Cloud Protoss 

Build Orders:  

Get SALT Encoding   

  12  0:01  Probe  
  13  0:17  Pylon  
  13  0:22  Probe  
  14  0:34  Probe  
  15  0:36  Assimilator  
  15  0:46  Probe  
  16  0:58  Probe  
  16  1:00  Gateway  
  17  1:17  Assimilator  
  17  1:19  Probe  
  18  1:31  Probe (Chrono Boost)  
  19  1:33  Pylon  
  19  1:43  Probe (Chrono Boost)  
  20  1:50  Probe (Chrono Boost)  
  20  1:53  Cybernetics Core  
  21  1:58  Probe  
  22  2:10  Probe  
  23  2:22  Pylon  
  23  2:29  Pylon  
  23  2:40  Warp Gate, Stargate  
  23  3:04  Stargate  
  23  3:28  Void Ray (Chrono Boost)  
  31  3:56  Void Ray (Chrono Boost)  
  30  4:26  Void Ray (Chrono Boost)  
  30  4:27  Void Ray (Chrono Boost)  
  34  4:44  Forge  
  34  4:46  Zealot  
  34  4:52  Probe (Chrono Boost), Pylon  
  37  4:59  Void Ray  
  41  5:03  Probe (Chrono Boost)  
  42  5:08  Probe (Chrono Boost)  
  43  5:19  Probe  
  44  5:21  Photon Cannon  
  44  5:23  Photon Cannon  
  44  5:27  Photon Cannon  
  44  5:31  Probe  
  44  5:32  Zealot  
  47  5:36  Void Ray  
  51  5:54  Zealot  
  53  6:17  Nexus  
  53  6:30  Pylon  
  53  6:33  Pylon  
  53  6:48  Void Ray (Chrono Boost)  
  33  7:13  Void Ray (Chrono Boost)  
  31  7:22  Void Ray (Chrono Boost)  
  31  7:27  Photon Cannon  
  31  7:29  Photon Cannon  
  35  7:32  Photon Cannon  
  35  7:34  Photon Cannon  
  35  7:38  Stalker, Photon Cannon  
  35  8:33  Void Ray x2  
  43  8:42  Photon Cannon  
  43  8:45  Photon Cannon  
  43  8:47  Photon Cannon  
  43  8:51  Pylon  
  43  9:22  Phoenix  
  43  9:23  Phoenix  
  47  9:47  Phoenix x2 (Chrono Boost)  
  51  10:22  Nexus  
  51  10:26  Pylon  
  51  10:29  Pylon  
  49  10:38  Phoenix (Chrono Boost)  
  53  10:43  Phoenix (Chrono Boost)  
  53  11:33  Pylon  
  53  11:36  Pylon  
  53  11:39  Phoenix (Chrono Boost)  
  57  11:46  Phoenix (Chrono Boost)  
  57  11:56  Phoenix (Chrono Boost)  
  57  11:58  Photon Cannon  
  57  12:00  Photon Cannon  
  59  12:02  Photon Cannon  
  59  12:04  Photon Cannon  
  59  12:07  Photon Cannon  
  59  12:44  Nexus  
  59  12:53  Assimilator  
  59  13:55  Phoenix x2  
  63  14:20  Phoenix x2  
  63  14:23  Assimilator  
  67  14:32  Probe  
  68  14:44  Probe  
Show
View Real Time Build Order
Export as new Build Order

shotokan Terran 

Build Orders: 2 Factory 

Get SALT Encoding   

  12  0:01  SCV  
  13  0:13  SCV  
  14  0:22  Supply Depot  
  14  0:25  SCV  
  15  0:43  SCV  
  15  0:45  Barracks  
  16  0:50  Refinery  
  16  0:55  SCV  
  17  1:04  Refinery  
  17  1:10  SCV  
  18  1:22  SCV  
  19  1:32  Supply Depot  
  19  1:34  Barracks Reactor  
  19  1:36  Orbital Command  
  19  1:55  Supply Depot  
  19  2:02  SCV  
  20  2:11  Factory  
  20  2:12  Marine x2  
  22  2:22  Factory  
  22  2:25  SCV  
  23  2:30  Marine x2  
  25  2:37  SCV  
  26  2:47  Marine  
  26  2:48  Marine  
  26  2:49  SCV  
  29  2:55  Factory Tech Lab  
  29  3:05  Supply Depot, Marine x2, Factory Tech Lab  
  31  3:17  Siege Tank  
  34  3:23  Marine x2  
  34  3:27  Supply Depot, Siege Tank  
  39  3:49  Siege Tank  
  39  3:52  Marine x2  
  44  4:03  Siege Tank  
  47  4:10  Marine x2  
  46  4:34  SCV  
  47  4:43  Siege Tank  
  47  4:44  Siege Tank  
  53  4:46  SCV, Marine  
  53  4:50  Supply Depot  
  55  5:12  Marine x2  
  55  5:13  Supply Depot  
  57  5:22  Siege Tank  
  60  5:30  Marine x2  
  62  5:46  Command Center  
  62  5:47  Cyclone, Marine  
  66  5:54  Cyclone  
  69  6:46  Refinery  
  23  7:10  Cyclone x2  
  23  7:14  Marine x2  
  31  7:28  Starport  
  31  7:32  Marine  
  32  7:37  Marine  
  33  7:47  Siege Tank x2  
  33  7:50  Marine  
  40  8:02  Engineering Bay  
  40  8:31  Viking x2  
  44  8:43  Missile Turret  
  44  8:44  Missile Turret  
  44  8:52  Cyclone x2  
  50  9:04  Liberator  
  32  9:50  SCV  
  33  9:53  Missile Turret  
  33  9:54  Missile Turret  
  33  9:55  Missile Turret  
  33  10:00  Viking  
  33  10:02  SCV  
  36  10:26  Refinery  
  36  10:54  Viking  
  38  11:12  Refinery  
  37  11:45  SCV  
  38  11:47  Missile Turret  
  38  11:49  Refinery x2, Missile Turret  
  38  11:50  Missile Turret  
  38  11:57  SCV  
  38  11:58  Viking  
  41  12:07  SCV  
  42  12:09  SCV  
  43  12:17  Missile Turret  
  43  12:19  SCV  
  43  12:21  SCV  
  45  12:26  Widow Mine x2  
  49  12:31  SCV  
  50  12:40  Missile Turret  
  50  12:43  SCV  
  51  13:36  Viking x2  
  55  13:54  Command Center  
  55  13:56  Widow Mine x2  
  55  14:02  SCV  
  60  14:08  Orbital Command  
  60  14:14  SCV  
  61  14:17  Widow Mine  
  61  14:18  Widow Mine  
  65  14:35  Refinery  
  60  14:55  Missile Turret  
  60  14:58  Missile Turret x2  
Show
View Real Time Build Order
Export as new Build Order

Nyck Terran - Winner!

Build Orders:  

Get SALT Encoding   

  12  0:01  SCV  
  13  0:13  SCV  
  14  0:19  Supply Depot  
  14  0:25  SCV  
  15  0:36  Refinery  
  15  0:43  SCV  
  15  0:47  Barracks  
  16  0:56  SCV  
  17  1:08  SCV  
  18  1:14  Refinery  
  18  1:22  Supply Depot, SCV  
  19  1:35  Barracks  
  19  1:36  Barracks Reactor  
  19  1:42  Orbital Command  
  19  2:15  Reaper x2, Factory  
  21  2:22  SCV  
  22  2:23  Reaper  
  22  2:25  Supply Depot  
  23  2:34  SCV  
  24  2:49  Marine x2  
  26  2:52  SCV  
  26  2:54  Supply Depot  
  26  2:55  Bunker  
  27  3:14  Marine x2  
  27  3:15  Marine  
  30  3:24  SCV  
  31  3:28  Starport  
  31  3:31  Marine x2  
  31  3:33  Marine  
  34  4:03  Marine x2  
  34  4:04  Marine  
  34  4:33  Barracks Tech Lab  
  34  4:34  Factory Tech Lab  
  34  4:37  Starport Tech Lab  
  34  4:42  Factory  
  34  4:56  Bunker  
  34  5:03  Siege Tank  
  37  5:19  Liberator  
  40  5:22  SCV  
  40  5:27  Factory Tech Lab  
  41  5:32  Command Center  
  41  5:35  Siege Tank  
  44  5:41  Engineering Bay  
  44  5:54  Siege Tank  
  47  6:04  Supply Depot  
  47  6:05  Liberator  
  47  6:08  Marine x2  
  47  6:11  Marauder  
  54  6:13  Siege Tank  
  57  6:22  Terran Infantry Armor Level 1  
  48  7:28  Marauder  
  48  7:29  Marine x2  
  51  7:31  Siege Tank  
  51  7:32  Siege Tank  
  51  7:35  Liberator  
  61  7:49  Command Center  
  61  7:50  Marauder  
  63  8:15  Marine x2  
  63  8:16  Marine  
  63  8:18  Siege Tank x2  
  72  8:31  Supply Depot  
  72  8:33  Marine  
  73  8:53  Supply Depot  
  73  8:57  Orbital Command  
  73  9:17  Supply Depot  
  73  9:26  SCV  
  73  9:29  Refinery  
  74  9:32  Refinery  
  74  9:38  SCV  
  75  9:45  Marine x3  
  77  9:47  Siege Tank x2  
  77  9:50  SCV, Liberator  
  88  9:54  Supply Depot  
  88  10:02  SCV  
  88  10:07  Orbital Command  
  89  10:14  SCV  
  90  10:26  SCV  
  91  10:30  Armory  
  91  10:38  SCV  
  91  10:40  SCV  
  93  10:50  SCV x2  
  93  10:52  SCV  
  93  10:54  Refinery  
  93  10:55  Marine x3  
  99  10:58  Siege Tank  
  99  11:02  SCV x2  
  104  11:04  SCV  
  105  11:12  Liberator  
  105  11:13  Marine  
  105  11:14  SCV x2  
  105  11:16  SCV  
  105  11:18  Armory  
  112  11:26  SCV  
  112  11:27  SCV  
  112  11:28  SCV  
  112  11:31  Marine x2, Marauder  
  119  11:33  Thor  
  119  11:34  Thor  
  119  11:37  Terran Vehicle And Ship Armor Level 1  
  131  11:46  Refinery  
  131  11:53  SCV  
  132  11:55  SCV, Liberator  
  136  12:02  Marine x2, Marauder  
  136  12:05  SCV  
  136  12:07  SCV  
  142  12:16  Thor  
  142  12:18  SCV  
  149  12:26  Supply Depot, SCV  
  150  12:38  SCV  
  151  12:48  Supply Depot  
  151  12:49  Terran Infantry Weapons Level 1  
  151  12:50  SCV  
  152  12:52  Terran Vehicle Weapons Level 1  
  152  13:03  Fusion Core, Reaper, Marauder  
  155  13:07  SCV  
  155  13:11  Supply Depot  
  156  13:16  Command Center  
  156  13:19  SCV  
  157  13:20  Command Center  
  157  13:27  Marine  
  157  13:28  Marauder  
  157  13:29  Thor x2  
  157  13:31  SCV, Terran Ship Weapons Level 1  
  157  13:33  Supply Depot  
  173  13:35  Marine  
  174  13:58  Supply Depot  
  174  14:21  Supply Depot  
  174  14:43  Supply Depot  
  174  15:12  Marine x2  
  174  15:13  Marauder  
  178  15:14  Thor x2  
Show
View Real Time Build Order
Export as new Build Order

Ekelpack Zerg - Winner!

Build Orders: Hatch First, Brood Lord Corruptor 

Get SALT Encoding   

  12  0:00  Drone  
  13  0:13  Overlord  
  13  0:17  Drone  
  14  0:31  Drone x2  
  16  0:36  Drone  
  17  0:55  Hatchery  
  17  0:56  Drone  
  17  1:02  Extractor  
  16  1:04  Drone  
  17  1:16  Spawning Pool  
  17  1:17  Drone  
  17  1:21  Drone  
  18  1:30  Drone  
  19  1:39  Drone  
  20  2:03  Queen  
  20  2:07  Zergling x4  
  24  2:09  Queen  
  24  2:12  Overlord  
  26  2:19  Metabolic Boost  
  26  2:31  Zergling x6  
  26  2:32  Zergling x2  
  30  2:40  Zergling x2  
  31  2:55  Zergling x8  
  35  3:05  Overlord  
  35  3:10  Extractor  
  34  3:19  Zergling x4  
  36  3:20  Overlord  
  36  3:29  Drone x4  
  36  3:30  Drone x2  
  36  3:34  Lair  
  42  3:38  Extractor  
  41  3:42  Drone x2  
  41  3:48  Extractor  
  41  4:02  Drone x2  
  41  4:03  Drone x4  
  45  4:19  Drone x2  
  45  4:20  Overlord  
  47  4:28  Drone  
  48  4:49  Spire  
  48  4:52  Drone x3  
  50  4:55  Drone x2  
  50  4:56  Drone x2  
  50  4:59  Overlord  
  54  5:00  Overlord  
  54  5:14  Hatchery  
  53  5:24  Overlord  
  53  5:39  Overlord  
  53  6:01  Zerg Flyer Weapons Level 1, Mutalisk  
  53  6:02  Mutalisk x7  
  53  6:03  Mutalisk  
  71  6:04  Overlord  
  71  6:07  Drone x4  
  75  6:29  Extractor  
  74  6:33  Extractor  
  74  6:37  Mutalisk  
  74  6:38  Zergling x2, Mutalisk x2  
  74  6:39  Zergling x12  
  87  6:40  Zergling x2  
  87  6:42  Queen  
  76  7:12  Mutalisk x4  
  76  7:13  Zergling x2, Overlord x2  
  76  7:14  Overlord x2  
  85  7:22  Drone x2  
  87  7:31  Overlord  
  87  8:01  Mutalisk x5  
  87  8:02  Mutalisk  
  87  8:03  Overlord x2  
  87  8:04  Zergling x12  
  87  8:05  Zergling x4  
  103  8:29  Drone x6  
  103  8:30  Drone  
  110  8:47  Zerg Flyer Weapons Level 2  
  110  8:58  Mutalisk x4  
  110  9:02  Overlord x2  
  118  9:03  Zergling x6  
  103  9:44  Drone x3  
  103  9:45  Drone x2  
  108  9:50  Infestation Pit  
  107  9:56  Drone x3  
  110  10:20  Overlord x2  
  110  10:22  Zergling x2  
  110  10:23  Zergling x10  
  110  10:27  Hatchery  
  115  10:46  Hatchery  
  114  10:55  Hive  
  114  11:04  Zergling x4  
  114  11:05  Corruptor x2, Zergling x6  
  114  11:06  Corruptor x7  
  114  11:09  Extractor  
  136  11:11  Extractor  
  135  11:28  Zergling x4  
  135  11:29  Zergling x12  
  135  11:30  Zergling x8  
  147  11:45  Queen  
  149  11:47  Zergling x8  
  149  11:48  Zergling x4  
  155  11:54  Drone  
  156  12:07  Greater Spire  
  156  12:08  Overlord  
  156  12:18  Drone x2  
  156  12:22  Drone  
  159  12:29  Adrenal Glands  
  159  12:35  Evolution Chamber  
  158  12:37  Evolution Chamber  
  151  13:18  Brood Lord  
  151  13:19  Brood Lord x6  
  167  13:20  Brood Lord x2  
  167  13:21  Zergling x4  
  167  13:22  Zergling x8  
  175  13:29  Corruptor x5  
  175  13:30  Overlord  
  175  13:31  Overlord x2  
  183  14:01  Drone x4  
  187  14:06  Zerg Melee Weapons Level 1, Zerg Ground Armor Level 1  
  187  14:18  Brood Lord x5  
  197  14:36  Ultralisk Cavern  
  191  15:00  Corruptor x2  
  191  15:01  Corruptor x2  
Tags
 
Add a new tag
Caveats
  • Supply blocks, unpowered buildings, or Contaminate may cause inaccurate times.
  • Supply counts are checked every 10 seconds.